 Dungeon Crawl Stone Soup version 0.21.0-24-g2553a33 (webtiles) character file.

1972 Monsterracer the Cleaver (level 9, -3/78 HPs)
             Began as a Hill Orc Fighter on Jan 21, 2018.
             Was a Follower of Uskayaw.
             Slain by a troll (9 damage)
             ... on level 6 of the Dungeon.
             The game lasted 00:05:59 (5443 turns).

Monsterracer the Cleaver (Hill Orc Fighter)         Turns: 5443, Time: 00:05:59

Health: -3/78      AC: 12    Str: 27    XL:     9   Next: 20%
Magic:  4/12       EV:  8    Int: 13    God:    Uskayaw [*.....]
Gold:   267        SH: 11    Dex: 17    Spells: 0/8 levels left

rFire    . . .     SeeInvis .   a - +1 war axe
rCold    . . .     Gourm    .   f - +0 shield
rNeg     . . .     Faith    .   e - +0 scale mail
rPois    .         Spirit   .   B - +0 helmet
rElec    .         Reflect  .   (no cloak)
rCorr    .         Harm     .   h - +0 pair of gloves of Noon {Str+2 Int+3 Dex+7}
MR       .....                  u - +1 pair of boots
Stlth    ..........             (no amulet)
HPRegen  0.23/turn              l - +3 ring of strength
MPRegen  0.13/turn              C - +2 ring of intelligence

@: vulnerable
A: no striking features
a: Stomp, Renounce Religion


You were on level 6 of the Dungeon.
You worshipped Uskayaw.
Uskayaw was noncommittal.
You were hungry.

You visited 2 branches of the dungeon, and saw 7 of its levels.
You also visited: Ossuary.

You collected 267 gold pieces.

Inventory:

Hand Weapons
 a - a +1 war axe (weapon)
 b - a +0 flail
Armour
 e - a +0 scale mail (worn)
 f - a +0 shield (worn)
 h - the +0 pair of gloves of Noon (worn) {Str+2 Int+3 Dex+7}
   (You found it on level 4 of the Dungeon)

   It affects your strength (+2).
   It affects your intelligence (+3).
   It affects your dexterity (+7).
 u - a +1 pair of boots (worn)
 B - a +0 helmet (worn)
Jewellery
 l - a +3 ring of strength (left hand)
 s - a +4 ring of intelligence
 C - a +2 ring of intelligence (right hand)
Wands
 t - a wand of disintegration (19)
 v - a wand of flame (27)
 y - a wand of enslavement (11)
Scrolls
 j - 5 scrolls of teleportation
 q - 2 scrolls of remove curse
 w - 3 scrolls of blinking
 x - 3 scrolls of magic mapping {!r}
 D - a scroll of fog
Potions
 d - 3 potions of might
 g - 4 potions of flight
 i - 2 potions of brilliance
 k - a potion of heal wounds
 m - 2 potions of mutation {!q}
 n - a potion of invisibility
 o - 4 potions of lignification
 p - 3 potions of berserk rage {!q}
 r - 2 potions of haste
 z - 2 potions of degeneration {unknown}
 A - 2 potions of curing
Comestibles
 c - 16 rations


   Skills:
 + Level 6.8 Fighting
 * Level 9.6 Axes
 + Level 6.2 Armour
 + Level 6.3 Shields
 + Level 5.0 Invocations


You couldn't memorise any spells.
You knew the following spells:

 Your Spells              Type           Power        Failure   Level  Hunger
c - Regeneration          Chrm/Necr      #.........   99%         3    ####...
d - Spectral Weapon       Hex/Chrm       #.......     99%         3    ####...
h - Song of Slaying       Chrm           #.......     96%         2    ###....


Dungeon Overview and Level Annotations

Branches:
Dungeon (6/15)             Temple (1/1) D:4

Altars:
Ashenzari
Cheibriados
Dithmenos
Elyvilon
Fedhas
Gozag
Hepliaklqana
Kikubaaqudgha
Makhleb
Nemelex Xobeh
Okawaru
Qazlal
Ru
Sif Muna
Trog
Uskayaw
Vehumet
Wu Jian
Yredelemnul
The Shining One


Message History

A crimson imp is nearby!
Found a scroll labeled OSUMEA HOKH.
The crimson imp hits you but does no damage.
You slash the crimson imp!
You kill the crimson imp!
Your Invocations skill increases to level 5!
E - a scroll labeled OSUMEA HOKH Key pressed, stopping explore.
No target in view!
No target in view!
x - 3 scrolls of magic mapping {!r} (gained 1)
Found a scroll of noise.
As you read the scroll labeled OSUMEA HOKH, it crumbles to dust.
Magic quickly surges around you.
It was a scroll of vulnerability.
Found a hand axe.
You now have 267 gold pieces (gained 11).
Key pressed, stopping explore.
No target in view!
No target in view!
The troll shouts!
Okay, then.
You closely miss the troll. The troll closely misses you. The troll claws you.
You block the troll's attack.
You take 2 damage, and have 76/78 hp.
You slash the troll!
The troll is moderately wounded.
You block the troll's attack. x2; The troll claws you.
You take 1 damage, and have 75/78 hp.
You barely miss the troll.
The troll is moderately wounded.
The troll bites you! You block the troll's attack. The troll barely misses you.
You take 12 damage, and have 63/78 hp.
You hit the troll.
The troll is moderately wounded.
The troll bites you. The troll claws you but does no damage.
The troll claws you.
You can now pass through a line of other dancers.
You take 6 damage, and have 57/78 hp.
You hit the troll.
The troll is heavily wounded.
The troll bites you. You block the troll's attack. x2
You take 6 damage, and have 51/78 hp.
You closely miss the troll.
The troll is heavily wounded.
You block the troll's attack. The troll claws you but does no damage.
You block the troll's attack. The troll closely misses you.
The troll claws you! The troll claws you but does no damage.
You take 9 damage, and have 42/78 hp.
You closely miss the troll.
The troll is heavily wounded.
The troll bites you but does no damage. The troll claws you.
* * * LOW HITPOINT WARNING * * *
The troll claws you but does no damage.
You take 5 damage, and have 37/78 hp.
Aiming: Line Pass
Press: ? - help, Dir - move target cursor The troll appears confused.
You feel somewhat more hungry.
You can no longer pass through a line of other dancers.
The troll shouts, "What's happening?!"
You now have 8/12 mp.
You strike the helpless troll from behind!
You slash the troll!
The troll is heavily wounded.
The troll seems less confused.
The troll bites you!
* * * LOW HITPOINT WARNING * * *
You block the troll's attack. x2
You take 7 damage, and have 31/78 hp.
You closely miss the troll.
The troll is heavily wounded.
You block the troll's attack. x2; The troll claws you.
* * * LOW HITPOINT WARNING * * *
You take 2 damage, and have 29/78 hp.
You hit the troll.
The troll is heavily wounded.
You block the troll's attack. The troll claws you but does no damage.
The troll claws you!
* * * LOW HITPOINT WARNING * * *
You can now pass through a line of other dancers.
You take 9 damage, and have 20/78 hp.
The troll bites you!
* * * LOW HITPOINT WARNING * * *
The troll claws you but does no damage. You block the troll's attack.
You take 12 damage, and have 8/78 hp.
Aiming: Line Pass
Press: ? - help, Dir - move target cursor, f - troll
Aim: a troll (heavily wounded)
You can't stand on top of the monster!
Aiming: Line Pass
Press: ? - help, Dir - move target cursor, f/p - troll
Aim: a troll (heavily wounded)
You can't stand on top of the monster!
Aiming: Line Pass
Press: ? - help, Dir - move target cursor, p - troll The troll appears confused.
You are feeling hungry.
You can no longer pass through a line of other dancers.
The troll bites you but does no damage. The troll claws you.
* * * LOW HITPOINT WARNING * * *
The troll claws you!
You die...

...............>.....#......
.......................#)#..
...####...##..##..#.........
...# #..## #.##..#....#.#..
...####..# #.##..#.........
........## #.....#.<......>
........ #..#...#.......
.......### #.T#...#..#####
#........# ##..@...#.....
####.###.# ##..#.........#
#.#?#.###..#......#.....
####.###.#..........%#.(#.#.
............................
#............######..##.#.
...........### ........
#.......#### ###..#
........... #...


You could see a troll (confused).

Vanquished Creatures
  Grinder (D:6)
  A water moccasin (D:5)
  An ogre (D:5)
  2 centaurs (D:5)
  Blork the orc (D:4)
  2 bullfrogs
  A water moccasin skeleton (D:6)
  2 scorpions
  A water moccasin zombie (Ossuary)
  3 wights
  2 howler monkeys
  A crimson imp (D:6)
  2 hounds
  4 orc priests
  5 orc wizards
  Ijyb (D:2)
  A bullfrog skeleton (D:6)
  An iguana (D:4)
  4 worker ants
  4 big kobold zombies (Ossuary)
  A hound skeleton (D:4)
  2 mummies (Ossuary)
  6 adders
  4 oozes
  2 worms
  3 adder zombies (Ossuary)
  A leopard gecko (D:1)
  15 orcs
  2 ball pythons
  9 giant cockroaches
  14 goblins
  7 hobgoblins
  2 jackals (D:6)
  10 kobolds
  5 bats
  3 frilled lizards
  3 gnoll zombies (Ossuary)
  4 hobgoblin zombies (Ossuary)
  5 kobold zombies (Ossuary)
  A leopard gecko skeleton (D:5)
  2 orc zombies (Ossuary)
  A quokka skeleton (D:5)
  6 rats
148 creatures vanquished.

Notes
Turn   | Place    | Note
-------+----------+-------------------------------------------
     0 | D:1      | Monsterracer the Hill Orc Fighter began the quest for the Orb.
     0 | D:1      | Reached XP level 1. HP: 19/19 MP: 1/1
    18 | D:1      | Reached skill level 3 in Axes
   103 | D:1      | Reached XP level 2. HP: 27/27 MP: 2/2
   437 | D:1      | Reached XP level 3. HP: 33/33 MP: 3/3
  1190 | D:2      | Noticed a bullfrog
  1195 | D:2      | Killed a bullfrog
  1195 | D:2      | Reached skill level 4 in Axes
  1195 | D:2      | Reached XP level 4. HP: 37/41 MP: 4/4
  1308 | D:2      | Reached XP level 5. HP: 44/47 MP: 5/5
  1585 | D:2      | Noticed Ijyb
  1600 | D:2      | Killed Ijyb
  1600 | D:2      | Reached skill level 5 in Axes
  2739 | D:4      | Reached XP level 6. HP: 42/53 MP: 6/6
  3009 | D:4      | Found a staircase to the Ecumenical Temple.
  3023 | D:4      | Reached skill level 5 in Fighting
  3034 | Temple   | Entered the Ecumenical Temple
  3166 | Temple   | Became a worshipper of Uskayaw the Reveler
  3225 | D:4      | Reached * piety under Uskayaw
  3226 | D:4      | Reached ** piety under Uskayaw
  3227 | D:4      | Reached skill level 6 in Axes
  3233 | D:4      | Reached *** piety under Uskayaw
  3238 | D:4      | Reached skill level 1 in Invocations
  3238 | D:4      | Reached XP level 7. HP: 48/61 MP: 7/7
  3517 | D:4      | Got a pair of warped gloves
  3523 | D:4      | Identified the +0 pair of gloves of Noon {Str+2 Int+3 Dex+7} (You found it on level 4 of the Dungeon)
  3528 | D:4      | Found a blossoming altar of Fedhas.
  3581 | D:4      | HP: 23/61 [orc priest/divine providence (13)]
  3805 | D:4      | Noticed Blork the orc
  3815 | D:4      | Killed Blork the orc
  3925 | D:4      | Reached skill level 5 in Shields
  4061 | D:5      | Entered Level 5 of the Dungeon
  4072 | D:5      | Found a sand-covered staircase.
  4078 | Ossuary  | Entered an ossuary
  4103 | Ossuary  | Reached skill level 5 in Armour
  4273 | Ossuary  | Reached skill level 7 in Axes
  4365 | D:5      | Reached XP level 8. HP: 61/70 MP: 8/10
  4502 | D:5      | Reached skill level 8 in Axes
  4660 | D:5      | Found a bloodstained altar of Trog.
  4660 | D:5      | Found a shattered altar of Ashenzari.
  4682 | D:5      | Found a glowing golden altar of the Shining One.
  4821 | D:5      | Reached **** piety under Uskayaw
  4989 | D:6      | Noticed a troll
  5047 | D:6      | Noticed Grinder
  5142 | D:6      | Reached skill level 9 in Axes
  5143 | D:6      | Reached XP level 9. HP: 65/78 MP: 12/12
  5160 | D:6      | Killed Grinder
  5347 | D:6      | Learned a level 3 spell: Regeneration
  5350 | D:6      | Learned a level 2 spell: Song of Slaying
  5355 | D:6      | Learned a level 3 spell: Spectral Weapon
  5385 | D:6      | Reached skill level 5 in Invocations
  5436 | D:6      | HP: 37/78 [troll (5)]
  5441 | D:6      | HP: 20/78 [troll (10)]
  5442 | D:6      | HP: 8/78 [troll (12)]
  5443 | D:6      | Slain by a troll

Skill      XL: |  1  2  3  4  5  6  7  8  9 |
---------------+----------------------------+-----
Axes           | 3 4 5 6 7 9 |  9.6
Fighting       | 4 5 6 |  6.8
Armour         | 4 5 6 |  6.2
Shields        | 4 5 6 |  6.3
Invocations    | 1 2 4 5 |  5.0

Action                   |  1- 3 |  4- 6 |  7- 9 || total
-------------------------+-------+-------+-------++-------
Melee: War axe           |    84 |   106 |   215 ||   405
Invok: Stomp             |       |       |     2 ||     2
       Line Pass         |       |       |     2 ||     2
  Use: Scroll            |       |    14 |     6 ||    20
 Stab: Paralysed         |       |     1 |    10 ||    11
       Confused          |       |       |     1 ||     1
  Eat: Chunk             |     1 |     6 |     8 ||    15
Armor: Scale mail        |    27 |    50 |    85 ||   162
Dodge: Dodged            |    26 |    26 |    64 ||   116
Block: Shield            |    52 |    61 |   129 ||   242

Vault maps used:
D:1:      onia_arrival_mini_maze, interstate_on_off,
          kennysheep_decorative_pillar
D:2:      kennysheep_the_goblin_king
D:4:      cheibrodos_pilgrimage, lemuel_coloured_pillars_altar,
          minmay_temple_entry_statues_pillars, first_ration, uniq_blork_the_orc
D:5:      gammafunk_temple_overflow_statue, nicolae_ossuary_entry_plus,
          tso_altar
D:6:      serial_glass, glass_columns_b, glass_columns_b, glass_columns_b,
          glass_columns_b, glass_columns_a, glass_columns_a, item_on_display_a,
          fedhas_altar_3, uniq_grinder
Temple:   minmay_crystal_spiral_temple
Ossuary:  ossuary_tomb_2
